 Dungeon Crawl Stone Soup version 0.28.0-53-g5a82cb258f (webtiles) character file.

Game seed: 14473490906839671072

34 Plasmagod the Chopper (level 3, -6/30 HPs)
             Began as a Minotaur Gladiator on July 19, 2022.
             Was an Initiate of Ashenzari.
             Mangled by an iguana (7 damage)
             ... on level 2 of the Dungeon.
             The game lasted 00:01:21 (873 turns).

Plasmagod the Chopper (Minotaur Gladiator)           Turns: 873, Time: 00:01:21

Health: -6/30      AC:  3    Str: 20    XL:     3   Next: 14%
Magic:  2/2        EV: 12    Int:  7    God:    Ashenzari [......]
Gold:   33         SH:  0    Dex: 11    Spells: 2/2 levels left

rFire   . . .      SeeInvis .   a - +0 war axe
rCold   . . .      Faith    .   (no shield)
rNeg    . . .      Spirit   .   b - +0 leather armour
rPois   .          Reflect  .   c - +0 hat
rElec   +          Harm     .   (no cloak)
rCorr   .          Rampage  .   (no gloves)
Will    .....                   (no boots)
Stlth   +.........              (no amulet)
HPRegen 0.90/turn               (no ring)
MPRegen 0.08/turn               (no ring)

@: lethally poisoned (-6 -> -8)
A: horns 2, retaliatory headbutt, clever 1, sense surroundings 1, regeneration
1, electricity resistance
a: Renounce Religion


You were on level 2 of the Dungeon.
You worshipped Ashenzari.
Ashenzari was noncommittal.
You visited 1 branch of the dungeon, and saw 2 of its levels.

You collected 33 gold pieces.

Inventory:

Hand Weapons
 a - a +0 war axe (weapon)
Missiles
 d - 3 throwing nets (quivered)
 f - 3 javelins
Armour
 b - a +0 leather armour (worn)
 c - a +0 hat (worn)


   Skills:
 + Level 2.6 Fighting
 + Level 4.3 Axes
 + Level 2.3 Throwing
 + Level 0.5 Armour
 + Level 3.7 Dodging


You had 2 spell levels left.
You didn't know any spells.
Your spell library contained the following spells:

 Spells                   Type           Power      Damage    Failure   Level
 Corpse Rot               Necr/Air       0%         N/A       63%         2
 Poisonous Vapours        Pois/Air       0%         N/A       63%         2


Dungeon Overview and Level Annotations

Branches:
Dungeon (2/15)

Altars:
Ashenzari

Shops:
D:1 :


Innate Abilities, Weirdness & Mutations

You have a pair of horns on your head.
You reflexively headbutt those who attack you in melee.
Your mind is acute. (Int +2)
You passively map a small area around you.
Your natural rate of healing is unusually fast.
You are resistant to electric shocks. (rElec)


Message History

You closely miss the giant cockroach. You closely miss the iguana.
You feel sick.
A quokka comes into view.
The adder bites you.
You are lethally poisoned!
The adder poisons you! The iguana barely misses you. You furiously retaliate!
You headbutt the iguana. The giant cockroach barely misses you.
The adder closely misses you.
You miss the adder.
The adder is almost dead.
You hit the iguana but do no damage. You hit the giant cockroach.
You kill the giant cockroach!
* * * LOW HITPOINT WARNING * * *
You feel very sick. The iguana closely misses you.
The adder closely misses you.
It was a potion of mutation.
You feel extremely strange.
You feel insulated.
You begin to heal more quickly.
You feel clever.
You feel a strange attunement to the structure of the dungeons.
You feel sick. The adder bites you.
* * * LOW HITPOINT WARNING * * *
You are lethally poisoned!
The adder poisons you! The iguana closely misses you. You furiously retaliate!
You headbutt the iguana, but do no damage.
The adder misses you.
You slash the adder!
You kill the adder!
You hit the iguana.
* * * LOW HITPOINT WARNING * * *
You feel very sick. The iguana closely misses you. The iguana misses you.
You have reached level 3!
Your experience leads to an increase in your attributes!
Your base attributes are Str 18, Int 5, Dex 11.
Increase (S)trength, (I)ntelligence, or (D)exterity?
You feel stronger. x2
You barely miss the iguana. You punch the iguana.
The iguana is severely wounded.
* * * LOW HITPOINT WARNING * * *
You feel sick. The iguana bites you!
You die...

,, , *
..............# ,
, ..............#
...>..........# ,
, ..............#
,
..............##
,
...............#
...............#
,
#......<@†.....#
*
####.#..†l.....#
* ...r........#
,,
..............# ,
...............#
* *
...............#
...............#
*.....#.........#
*


You could see an iguana and a quokka.

Vanquished Creatures
  An adder (D:2)
  2 dart slugs (D:1)
  A ball python (D:2)
  4 endoplasms (D:1)
  2 giant cockroaches
  A goblin (D:1)
  3 kobolds (D:1)
  A quokka (D:1)
  3 bats (D:1)
  A frilled lizard (D:1)
  A rat (D:1)
20 creatures vanquished.

Notes
Turn   | Place    | Note
-------+----------+-------------------------------------------
     0 | D:1      | Plasmagod the Minotaur Gladiator began the quest for the
                  | Orb.
     0 | D:1      | Reached XP level 1. HP: 18/18 MP: 0/0
   251 | D:1      | Reached XP level 2. HP: 25/25 MP: 1/1
   288 | D:1      | Found a broken altar of Ashenzari.
   296 | D:1      | Became a worshipper of Ashenzari the Shackled
   400 | D:1      | Reached skill level 4 in Axes
   641 | D:1      | Found Uhymuem's Book Boutique.
   788 | D:1      | Found a faded altar of an unknown god.
   871 | D:2      | Gained mutation: You are resistant to electric shocks.
                  | (rElec) [potion of mutation]
   871 | D:2      | Gained mutation: Your natural rate of healing is unusually
                  | fast. [potion of mutation]
   871 | D:2      | Gained mutation: Your mind is acute. (Int +2) [potion of
                  | mutation]
   871 | D:2      | Gained mutation: You passively map a small area around you.
                  | [potion of mutation]
   872 | D:2      | HP: 1/25 [poisoned by an adder]
   873 | D:2      | Reached XP level 3. HP: 1/30 MP: 2/2
   873 | D:2      | Mangled by an iguana

Illustrated notes

Levels and vault maps discovered:
D:1:      onia_arrival_mini_spirals, layout_loops_ring,
          hellmonk_ecumenical_altar_heavens_door, serial_shops, shop,
          kennysheep_flooded_box
D:2:      layout_rooms, basic_altar, serial_shops, shop_statue, shop,
          uniq_crazy_yiuf_cottage

Skill      XL: |  1  2 |
---------------+-------+-----
Axes           | 4 |  4.3
Fighting       | |  2.6
Throwing       | |  2.3
Armour         | |  0.5
Dodging        | |  3.7

Action                   || total
-------------------------++-------
Melee: War axe           ||    35
       Headbutt          ||     4
       Punch             ||     2
  Use: Potion            ||     1
Armor: Leather armour    ||     6
Dodge: Dodged            ||    31
